 Dungeon Crawl Stone Soup version 0.30-a0-160-gcfceee88d3 (webtiles) character file.

Game seed: 8637671024034063054

40 qw the Chopper (level 3, -2/23 HPs)
             Began as a Gargoyle Fighter on Sept 27, 2022.
             Slain by Terence
             ... wielding a +1 trident of venom
              (6 damage)
             ... on level 2 of the Dungeon.
             The game lasted 00:00:28 (1711 turns).

qw the Chopper (Gargoyle Fighter)                   Turns: 1711, Time: 00:00:28

Health: -2/23      AC: 15    Str: 21    XL:     3   Next: 50%
Magic:  3/3        EV:  4    Int:  8    God:
Gold:   76         SH:  4    Dex:  9    Spells: 2/2 levels left

rFire   . . .      SeeInvis .    Y - +0 war axe
rCold   . . .      Faith    .    c - +0 buckler
rNeg    + . .      Spirit   .    e - +0 chain mail
rPois   inf        Reflect  .    (no helmet)
rElec   +          Harm     .    p - +2 cloak
rCorr   +          Rampage  .    (no gloves)
Will    .....                    (no boots)
Stlth   ..........               (no amulet)
HPRegen 0.07/turn                q - ring of resist corrosion
MPRegen 0.08/turn                (no ring)

@: grasped by roots, constricted
A: sickness immunity, AC +3, negative energy resistance 1, electricity
resistance, torment resistance 1, petrification resistance
a: no special abilities


You were on level 2 of the Dungeon.
You visited 1 branch of the dungeon, and saw 2 of its levels.

You collected 76 gold pieces.


Innate Abilities, Weirdness & Mutations

You are immune to sickness and miasma.
Your stone body is resilient. (AC +3)
You are immune to poison.
You resist negative energy. (rN+)
You are resistant to electric shocks. (rElec)
You are resistant to unholy torment.
You are immune to petrification.


   Skills:
 - Level 3.2 Fighting
 + Level 3.4 Axes
 - Level 3.2 Armour
 - Level 3.2 Shields


You had 2 spell levels left.
You didn't know any spells.
Your spell library was empty.

Inventory:

Hand Weapons
 k - a +0 whip
 Y - a +0 war axe (weapon)
Armour
 a - a +0 helmet
 c - a +0 buckler (worn)
 e - a +0 chain mail (worn)
 p - a +2 cloak (worn)
Jewellery
 q - a ring of resist corrosion (left hand)
Scrolls
 b - a scroll of teleportation
 f - a scroll of brand weapon {unknown}
 j - a scroll of identify
Potions
 d - 2 potions of might
 g - a potion of brilliance {unknown}
 h - 3 potions of curing
 i - a potion of resistance {unknown}
 l - a potion of mutation {unknown}
 m - a potion of heal wounds {unknown}
 o - a potion of degeneration {unknown}

Dungeon Overview and Level Annotations

Branches:
Dungeon (2/15)

Altars:

Shops:
D:2 [

Annotations:
D:2 Terence


Message History

Terence is nearby!
Terence hits you from afar with a +1 trident of venom.
Terence hits you with a +1 trident of venom.
You slash Terence!
Terence is moderately wounded.
Terence zaps a wand.
The roots erupt in riotous growth!
The grasping roots grab you!
Terence is unaffected.
The grasping roots constrict you.
You hit Terence but do no damage.
Terence is moderately wounded.
Terence hits you but does no damage. The grasping roots constrict you.
Terence barely misses you. The grasping roots constrict you.
You barely miss Terence.
Terence is moderately wounded.
Terence hits you but does no damage. The grasping roots constrict you.
The grasping roots release their grip on you.
You barely miss Terence.
Terence is moderately wounded.
You block Terence's attack.
You hit Terence but do no damage.
Terence is moderately wounded.
Terence bares his teeth.
Terence zaps a wand.
The roots erupt in riotous growth!
The grasping roots grab you!
Terence is unaffected.
The grasping roots constrict you.
You hit Terence but do no damage.
Terence is moderately wounded.
Terence barely misses you. The grasping roots constrict you.
Terence hits you but does no damage. The grasping roots constrict you.
You hit Terence.
Terence is heavily wounded.
Terence hits you but does no damage. The grasping roots constrict you.
The grasping roots release their grip on you.
You hit Terence.
Terence is heavily wounded.
Terence zaps a wand.
The roots erupt in riotous growth!
The grasping roots grab you!
Terence is unaffected.
The grasping roots constrict you.
Terence hits you with a +1 trident of venom.
You die...

#...# #.# ..# #...###.#####.#
#.....#.#...#.###
#..##.#<..#.#.#..
##...#.#.###.#.#.#
.............#.#.#
##.#####.#####.#.#
#.......#####.#.#####......#
#.#######......@@...#......#
##########...........#......#
.........+...........+......+
###..[..##...........#......#
..'..................#......#
###.....##...........#......#
#.....######..............#
###.....# #########......#
........# #........#


You could see Terence.

Vanquished Creatures
  2 adders (D:2)
  A dart slug (D:1)
  3 ball pythons
  4 endoplasms
  A giant cockroach (D:1)
  3 hobgoblins
  2 kobolds (D:1)
  A quokka (D:1)
  A bat (D:1)
  2 rats (D:1)
20 creatures vanquished.

Notes
Turn   | Place    | Note
-------+----------+-------------------------------------------
     0 | D:1      | qw the Gargoyle Fighter began the quest for the Orb.
     0 | D:1      | Reached XP level 1. HP: 14/14 MP: 1/1
     0 | D:1      | 0 ||| qw: Version: 0.2-a-10-g37ed214
     0 | D:1      | 0 ||| qw: Game counter: 595
     0 | D:1      | 0 ||| qw: Always use a shield: true
     0 | D:1      | 0 ||| qw: God list: Okawaru
     0 | D:1      | 0 ||| qw: Allow faded altars: false
     0 | D:1      | 0 ||| qw: Do Orc after D:15 true
     0 | D:1      | 0 ||| qw: Do second Lair branch before Depths: true
     0 | D:1      | 0 ||| qw: Lair rune preference: random
     0 | D:1      | 0 ||| qw: Plans: Normal, Zot:1-4, God:TSO, Crypt, Tomb,
                  | Pan, Slime:5, Hells, Abyss, Orb
     0 | D:1      | 0 ||| PLANNING D:1-11
   294 | D:1      | Reached XP level 2. HP: 15/19 MP: 2/2
   881 | D:1      | Found a faded altar of an unknown god.
   884 | D:1      | 884 ||| Stepping ~*~*~tactically~*~*~ (stealth).
  1027 | D:1      | 1027 ||| UPGRADING to +0 chain mail.
  1037 | D:1      | 1037 ||| DROPPING +0 scale mail.
  1038 | D:1      | 1038 ||| UPGRADING to +2 cloak.
  1043 | D:1      | 1043 ||| UPGRADING to ring of resist corrosion.
  1044 | D:1      | 1044 ||| READING scroll labelled QUAMEUD GAMEE.
  1047 | D:1      | 1047 ||| READING scroll labelled VEPIUV BOCAAZ.
  1048 | D:1      | 1048 ||| READING 3 scrolls labelled JAEHUO XER KOE.
  1049 | D:1      | 1049 ||| READING scroll labelled VOWO SONLESE.
  1150 | D:1      | 1150 ||| READING scroll labelled TAPNYICANI.
  1151 | D:1      | 1151 ||| READING scroll labelled QIAFOFF WUPRIA.
  1152 | D:1      | 1152 ||| READING 2 scrolls of identify.
  1152 | D:1      | 1152 ||| IDENTIFYING brown potion
  1319 | D:2      | Reached skill level 3 in Axes
  1319 | D:2      | Reached XP level 3. HP: 23/23 MP: 3/3
  1379 | D:2      | Found Jont's Antique Armour Shoppe.
  1391 | D:2      | 1391 ||| SHOPLISTING glowing plate armour (728 gold, have
                  | 76).
  1391 | D:2      | 1391 ||| SHOPLISTING pair of boots (126 gold, have 76).
  1391 | D:2      | 1391 ||| SHOPLISTING shiny chain mail (210 gold, have 76).
  1391 | D:2      | 1391 ||| SHOPLISTING transparent chain mail (266 gold, have
                  | 76).
  1513 | D:2      | Identified the +0 leather armour of Undesirable Species
                  | {Dex+2}
  1697 | D:2      | Noticed Terence
  1698 | D:2      | 1698 ||| Stepping ~*~*~tactically~*~*~ (hiding).
  1711 | D:2      | HP: 4/23 [constriction (2)]
  1711 | D:2      | Slain by Terence

Levels and vault maps discovered:
D:1:      psy_arrival_heroes, layout_basic, hellmonk_ecumenical_altar_lost_god
D:2:      layout_basic, serial_shops, shop, glass_columns_a, uniq_terence

Skill      XL: |  1  2 |
---------------+-------+-----
Axes           | 2 3 |  3.4
Fighting       | |  3.2
Armour         | |  3.2
Shields        | |  3.2

Action                   || total
-------------------------++-------
Melee: War axe           ||    68
  Use: Scroll            ||     7
Armor: Scale mail        ||    18
       Chain mail        ||    22
Dodge: Dodged            ||    24
Block: Buckler           ||    12

Table legend:
 A = Non-vault XP
 B = Vault XP
 C = Vault XP percentage of total XP
 D = Non-vault monster count
 E = Vault monster count
 F = Vault count percentage of total count
                 A         B        C        D         E       F
            +---------+---------+-------+---------+---------+-------
      Total |      58 |       0 |   0.0 |      20 |       0 |   0.0
            +---------+---------+-------+---------+---------+-------
        D:1 |      26 |       0 |   0.0 |      14 |       0 |   0.0
        D:2 |      32 |       0 |   0.0 |       6 |       0 |   0.0
            +---------+---------+-------+---------+---------+-------
